Map: NeoHumanity LE

Players

Usurper - Winner!

  • Race: Protoss Protoss
  • League: Diamond
  • Spawn Location: 5:00

AhmaudAvery

  • Race: Terran Terran
  • League: Diamond
  • Spawn Location: 11:00

VOD

Have the link to the VOD?

Description

Time

  • Played on: Feb. 16, 2023, 9:13 a.m.
  • Length: 12:09
Show
View Real Time Build Order
Export as new Build Order

Usurper Protoss - Winner!

Build Orders: 1 Gate Expand, Blink Stalkers 

Get SALT Encoding   

  12  0:01  Probe  
  13  0:13  Probe  
  14  0:17  Pylon  
  14  0:25  Probe  
  15  0:37  Probe (Chrono Boost)  
  15  0:38  Gateway  
  16  0:48  Assimilator, Probe (Chrono Boost)  
  17  0:53  Probe (Chrono Boost)  
  18  1:04  Probe  
  19  1:16  Probe  
  20  1:26  Cybernetics Core  
  20  1:37  Nexus  
  20  1:42  Pylon  
  20  1:44  Probe  
  21  1:47  Assimilator  
  21  1:57  Probe  
  21  1:59  Stalker (Chrono Boost)  
  22  2:07  Warp Gate  
  24  2:09  Probe  
  25  2:21  Probe  
  25  2:22  Stalker  
  27  2:34  Probe  
  28  2:39  Twilight Council  
  28  2:42  Gateway  
  28  2:46  Probe (Chrono Boost)  
  28  2:50  Probe (Chrono Boost)  
  30  2:58  Probe (Chrono Boost)  
  31  3:00  Probe (Chrono Boost)  
  31  3:02  Probe (Chrono Boost)  
  31  3:04  Gateway  
  33  3:06  Probe  
  33  3:10  Sentry  
  36  3:14  Probe  
  36  3:16  Blink (Chrono Boost)  
  37  3:24  Probe  
  37  3:26  Probe  
  39  3:32  Pylon  
  39  3:36  Probe  
  39  3:38  Probe  
  41  3:45  Pylon  
  41  3:48  Probe  
  42  3:50  Probe  
  43  4:00  Probe  
  44  4:06  Stalker x3  
  50  4:10  Probe  
  50  4:14  Robotics Facility  
  50  4:16  Probe  
  52  4:19  Assimilator  
  52  4:22  Probe  
  53  4:29  Probe  
  54  4:34  Probe  
  54  4:35  Stalker x3  
  61  4:39  Pylon  
  61  4:41  Pylon  
  61  4:52  Probe  
  61  5:15  Probe  
  61  5:18  Observer (Chrono Boost)  
  61  5:20  Probe  
  64  5:22  Nexus  
  64  5:23  Charge  
  64  5:24  Pylon  
  64  5:27  Forge x2, Probe  
  65  5:32  Stalker x3  
  65  5:35  Probe  
  72  5:41  Assimilator, Probe  
  73  5:47  Probe  
  73  5:49  Pylon  
  74  5:53  Gateway, Probe  
  74  5:54  Gateway  
  74  5:55  Observer  
  76  6:02  Probe  
  77  6:05  Probe  
  77  6:08  Stalker x2  
  77  6:09  Stalker  
  84  6:14  Probe  
  85  6:21  Protoss Ground Weapons Level 1 (Chrono Boost), Protoss Ground Armor Level 1 (Chrono Boost)  
  85  6:23  Probe  
  86  6:26  Probe  
  86  6:31  Stalker x2  
  86  6:32  Stalker  
  93  6:35  Probe  
  94  6:42  Pylon  
  94  6:53  Zealot x2  
  98  6:54  Zealot  
  98  6:55  Zealot x2  
  98  6:57  Pylon  
  104  7:12  Probe  
  104  7:15  Pylon, Zealot x4  
  105  7:16  Zealot  
  104  7:35  Probe x2  
  104  7:36  Gateway  
  94  7:42  Probe  
  95  7:45  Assimilator  
  95  7:46  Assimilator  
  95  7:47  Probe  
  95  7:50  Robotics Bay, Nexus  
  96  7:51  Pylon, Probe  
  96  7:53  Robotics Facility  
  96  7:54  Probe  
  96  7:56  Robotics Facility, Observer  
  96  7:57  Pylon  
  99  8:04  Probe  
  100  8:06  Protoss Ground Weapons Level 2 (Chrono Boost)  
  100  8:08  Stalker x5  
  100  8:12  Protoss Ground Armor Level 2 (Chrono Boost)  
  110  8:23  Probe x3  
  113  8:27  Photon Cannon  
  113  8:35  Probe x2  
  113  8:36  Probe  
  113  8:41  Gateway x2, Extended Thermal Lance  
  116  8:42  Gateway  
  116  8:47  Colossus, Probe  
  123  8:55  Zealot x3  
  129  8:57  Zealot  
  129  8:59  Sentry x2  
  126  9:18  Stalker  
  126  9:19  Stalker, Zealot  
  126  9:20  Probe x3  
  126  9:21  Probe  
  126  9:22  Stalker x3  
  126  9:32  Probe  
  126  9:37  Colossus (Chrono Boost)  
  126  9:38  Colossus (Chrono Boost)  
  111  9:42  Probe x3  
  111  9:44  Probe  
  111  9:45  Colossus (Chrono Boost)  
  133  9:54  Probe x2  
  133  9:57  Zealot x5  
  145  10:07  Pylon  
  145  10:13  Zealot x4  
  143  10:17  Probe  
  143  10:18  Probe x2  
  122  10:24  Zealot x5  
  123  10:32  Probe x4  
  116  10:37  Stalker x3  
  116  10:42  Zealot  
  122  10:44  Probe  
  122  10:46  Probe x3  
  124  10:56  Probe  
  125  10:58  Probe x3  
  128  11:08  Probe  
  128  11:10  Probe  
  130  11:16  Zealot x7  
  144  11:31  Stalker x2  
  148  11:37  Zealot x3  
  148  11:39  Stalker  
  139  11:40  Stalker  
Show
View Real Time Build Order
Export as new Build Order

AhmaudAvery Terran 

Build Orders: Reaper Expand 

Get SALT Encoding   

  12  0:00  SCV  
  13  0:12  SCV  
  14  0:17  Supply Depot  
  14  0:24  SCV  
  15  0:39  SCV, Barracks  
  16  0:44  Refinery  
  16  0:51  SCV  
  17  1:03  SCV  
  18  1:15  SCV  
  19  1:29  Reaper, Orbital Command  
  20  1:44  Command Center  
  20  1:54  Supply Depot  
  20  1:56  SCV  
  21  2:08  Factory  
  21  2:09  SCV  
  21  2:14  Refinery  
  22  2:23  SCV, Barracks Reactor  
  23  2:36  Bunker, SCV  
  24  2:49  SCV  
  25  2:56  Widow Mine, Starport  
  25  2:58  Orbital Command  
  27  3:01  SCV  
  27  3:03  Marine x2  
  30  3:18  SCV  
  30  3:19  Widow Mine  
  33  3:24  SCV  
  33  3:26  Marine x2, Supply Depot  
  35  3:32  SCV  
  36  3:34  Medivac  
  36  3:40  Widow Mine  
  40  3:42  Barracks  
  40  3:45  Marine x2, SCV  
  40  3:47  SCV  
  44  3:52  Supply Depot  
  44  4:00  SCV  
  44  4:02  Factory Tech Lab  
  45  4:04  Starport Tech Lab  
  45  4:08  SCV  
  45  4:09  Marine x2  
  48  4:12  Supply Depot  
  48  4:15  SCV  
  49  4:23  Siege Tank  
  49  4:24  Raven  
  54  4:25  SCV  
  54  4:26  Marine  
  54  4:30  Barracks Tech Lab  
  56  4:32  Barracks  
  56  4:33  SCV  
  56  4:37  Supply Depot  
  56  4:38  SCV  
  58  4:47  Marine x2  
  60  4:55  Marine  
  61  5:05  Marine x2  
  63  5:07  Stimpack  
  63  5:08  SCV  
  63  5:09  SCV  
  63  5:12  Marine  
  64  5:15  Supply Depot  
  64  5:20  SCV  
  65  5:22  Command Center  
  65  5:23  Starport Reactor, Siege Tank  
  65  5:24  SCV  
  65  5:27  Marine x2, Refinery  
  65  5:28  Refinery  
  71  5:31  Engineering Bay  
  71  5:35  SCV  
  71  5:36  Combat Shield  
  71  5:37  Marine x2  
  71  5:42  SCV  
  75  5:48  Marine x2  
  75  5:49  SCV  
  78  5:54  SCV, Supply Depot  
  79  5:58  Supply Depot  
  79  6:01  Medivac  
  79  6:02  Marine, Marauder  
  84  6:10  SCV  
  85  6:13  Supply Depot  
  85  6:17  Barracks x2  
  85  6:20  Marauder  
  85  6:24  Marauder  
  88  6:29  Marine x2  
  90  6:42  Marauder  
  90  6:45  Medivac, Marauder  
  90  6:46  Marine  
  97  6:47  Marine  
  97  6:50  Factory Reactor  
  92  7:03  Marauder  
  92  7:04  Marine  
  92  7:07  Marauder  
  97  7:18  Marine  
  97  7:19  Marine, Marauder  
  97  7:20  SCV x2  
  103  7:23  Marine  
  103  7:25  Marauder  
  103  7:28  Marauder  
  95  7:35  Medivac  
  95  7:36  Marine, SCV x2, Medivac  
  81  7:37  SCV  
  81  7:41  Marine  
  81  7:44  Widow Mine x2  
  84  7:46  Marauder  
  84  7:48  SCV  
  84  7:49  Marauder  
  91  7:51  Marine, Marauder  
  91  7:54  Marine, SCV  
  91  7:58  Orbital Command  
  94  8:01  SCV  
  94  8:05  Widow Mine  
  97  8:06  SCV  
  97  8:07  Marine, Marauder  
  97  8:09  Marine  
  97  8:11  Marine, Terran Infantry Weapons Level 1, Marauder  
  107  8:12  Marauder  
  107  8:13  SCV  
  108  8:25  Marine  
  109  8:29  Marine x2, Marauder  
  109  8:32  SCV, Marauder  
  118  8:34  Marauder  
  118  8:35  Refinery  
  118  8:36  Refinery  
  118  8:38  Command Center  
  118  8:42  Medivac  
  118  8:43  Marine  
  118  8:45  SCV  
  118  8:47  Marine  
  118  8:48  SCV  
  124  8:53  Barracks  
  124  8:55  Barracks, Supply Depot  
  124  8:56  Marauder x3  
  130  9:07  Marine x2  
  128  9:18  Marauder x2  
  126  9:24  Marine  
  126  9:25  Marine  
  112  9:34  SCV x3  
  98  9:39  Marauder x2  
  98  9:40  Marine x2, Marauder  
  98  9:42  Marine x2  
  104  9:46  SCV  
  105  9:57  Medivac  
  105  9:58  Marine, Widow Mine x2  
  105  9:59  Barracks, Barracks Tech Lab x2  
  111  10:00  Marine x2, SCV x3, Marauder x2  
  111  10:02  Marauder  
  122  10:15  Marine  
  122  10:18  Marine x2  
  116  10:22  Marauder x2  
  116  10:28  Marine, Medivac, Marauder x2  
  116  10:29  Widow Mine x2  
  116  10:33  Marine  
  118  10:36  Marine  
  118  10:38  Marine  
  114  10:43  Marauder x2  
  114  10:46  Marauder  
  100  10:50  Widow Mine  
  100  10:52  Marine  
  100  10:53  SCV, Marauder  
  100  10:54  Marine  
  100  10:55  Marine, SCV x2  
  108  10:58  Armory  
  108  11:00  Planetary Fortress  
  108  11:05  Marauder x2  
  101  11:26  Marine, Marauder x4  
  101  11:27  Marine, Medivac, Barracks Tech Lab x2, Marauder  
  101  11:28  Widow Mine  
  94  11:44  Marine x2  
  94  11:46  Marine  
  94  11:47  Marauder x3  
  83  11:48  Marauder x3  
Tags
 
Add a new tag
Caveats
  • Supply blocks, unpowered buildings, or Contaminate may cause inaccurate times.
  • Supply counts are checked every 10 seconds.